Map: 国王藏宝地-天梯版

Players

Demi

  • Race: Zerg Zerg
  • League: Diamond

MeomaikA - Winner!

  • Race: Zerg Zerg
  • League: Bronze

Event: WESG 2018 Grand Finals

VOD

Have the link to the VOD?

Description

Time

  • Played on: March 11, 2019, 3:38 a.m.
  • Length: 7:28

All games in this series

Show
View Real Time Build Order
Export as new Build Order

Demi Zerg 

Build Orders: Pool First 

Get SALT Encoding   

  12  0:01  Drone  
  13  0:12  Overlord  
  13  0:18  Drone  
  14  0:31  Drone x2  
  16  0:37  Drone  
  17  0:45  Drone, Extractor  
  17  0:52  Spawning Pool  
  17  0:56  Drone  
  17  1:06  Drone  
  18  1:21  Hatchery  
  17  1:27  Drone  
  18  1:38  Queen  
  18  1:39  Zergling x2  
  21  1:46  Metabolic Boost  
  21  1:53  Overlord  
  21  2:01  Drone  
  22  2:10  Baneling Nest  
  22  2:14  Drone  
  22  2:17  Queen  
  24  2:24  Zergling x4  
  26  2:33  Zergling x4  
  28  2:45  Zergling x4  
  28  2:48  Overlord  
  30  2:52  Zergling x2  
  30  2:53  Zergling x2  
  30  2:56  Baneling x2  
  32  2:59  Overlord  
  32  3:05  Drone  
  33  3:06  Drone  
  33  3:10  Drone  
  34  3:17  Drone  
  35  3:23  Zergling x2  
  35  3:26  Drone  
  35  3:27  Drone x2  
  38  3:30  Overlord  
  38  3:33  Drone  
  32  3:49  Baneling x2  
  32  3:50  Zergling x2  
  32  3:51  Zergling x6  
  32  3:54  Drone  
  37  4:00  Zergling x6  
  40  4:03  Drone x3  
  40  4:07  Drone  
  44  4:14  Drone  
  45  4:19  Drone  
  45  4:22  Drone  
  47  4:26  Drone x3  
  50  4:31  Extractor  
  50  4:35  Lair  
  49  4:40  Drone x3  
  49  4:44  Extractor  
  49  4:45  Extractor  
  49  4:47  Overlord  
  49  4:51  Drone x3  
  52  4:59  Drone x3  
  55  5:01  Drone  
  55  5:03  Overlord  
  56  5:13  Drone  
  57  5:16  Zergling x4  
  57  5:21  Baneling x2  
  59  5:24  Hatchery  
  57  5:32  Spine Crawler  
  57  5:33  Spine Crawler x2  
  54  5:36  Zergling x2  
  54  5:37  Zergling x6  
  58  5:44  Spine Crawler  
  56  5:52  Zergling x8  
  56  5:53  Zergling x2  
  60  6:01  Overlord  
  60  6:02  Drone x2  
  60  6:03  Drone x2  
  64  6:09  Spine Crawler  
  64  6:10  Overlord  
  62  6:11  Spire  
  62  6:18  Drone x2  
  62  6:21  Spine Crawler  
  62  6:24  Baneling x2  
  58  6:59  Spine Crawler  
Show
View Real Time Build Order
Export as new Build Order

MeomaikA Zerg - Winner!

Build Orders: Pool First 

Get SALT Encoding   

  12  0:00  Drone  
  13  0:08  Drone  
  14  0:17  Overlord  
  14  0:26  Drone, Extractor  
  15  0:35  Drone x2  
  17  0:46  Spawning Pool  
  17  0:48  Drone  
  17  1:10  Hatchery  
  16  1:11  Drone  
  16  1:15  Drone  
  18  1:19  Extractor  
  17  1:27  Drone  
  17  1:32  Queen  
  20  1:35  Drone  
  21  1:40  Overlord  
  21  1:50  Drone  
  22  1:59  Drone  
  23  2:08  Queen  
  25  2:10  Drone  
  26  2:19  Metabolic Boost  
  26  2:20  Drone  
  26  2:21  Queen  
  29  2:23  Drone  
  30  2:31  Zergling x2  
  30  2:33  Zergling x2  
  32  2:41  Zergling x2  
  33  2:44  Zergling x4  
  33  2:45  Zergling x2  
  33  2:48  Overlord  
  36  3:01  Overlord  
  36  3:11  Drone x2  
  38  3:14  Drone  
  38  3:16  Hatchery  
  38  3:19  Zergling x4  
  40  3:23  Zergling x2  
  40  3:25  Zergling x2  
  37  3:27  Zergling x2  
  37  3:30  Zergling x2  
  39  3:34  Zergling x2  
  39  3:43  Zergling x2  
  34  3:50  Drone  
  34  3:52  Drone  
  34  3:56  Drone x3  
  34  4:01  Queen  
  38  4:05  Drone  
  38  4:08  Drone  
  40  4:11  Drone  
  40  4:15  Zergling x2  
  41  4:18  Zergling x2  
  42  4:28  Drone  
  42  4:29  Roach Warren  
  42  4:30  Zergling x2  
  43  4:35  Drone x2  
  43  4:36  Zergling x2  
  46  4:43  Overlord  
  46  4:44  Zergling x4  
  48  4:46  Zergling x2  
  48  4:48  Zergling x2  
  48  4:52  Overlord  
  50  5:10  Roach x3  
  50  5:11  Roach x3  
  64  5:14  Roach  
  64  5:16  Roach  
  64  5:19  Roach  
  68  5:22  Roach  
  68  5:26  Drone  
  68  5:27  Drone  
  72  5:31  Drone  
  72  5:33  Overlord  
  73  5:37  Overlord  
  73  5:43  Overlord  
  70  5:50  Zergling x8  
  70  5:52  Zergling x2  
  70  5:54  Zergling x4  
  76  5:57  Zergling x2  
  76  5:58  Zergling x2  
  76  6:01  Zergling x2  
  77  6:06  Baneling Nest  
  77  6:07  Zergling x4  
  77  6:11  Zergling x4  
  80  6:12  Zergling x2  
  80  6:14  Zergling x2  
  82  6:20  Zergling x6  
  82  6:23  Zergling x2  
  82  6:24  Zergling x2  
  84  6:34  Zergling x12  
  89  6:41  Zergling x6  
  91  6:52  Baneling x11  
  89  6:55  Zergling x4  
  89  6:58  Zergling x2  
  89  6:59  Zergling x2  
  93  7:01  Zergling x2  
  93  7:04  Zergling x2  
  93  7:07  Zergling x2  
  90  7:09  Zergling x2  
Tags
 
Add a new tag
Caveats
  • Supply blocks, unpowered buildings, or Contaminate may cause inaccurate times.
  • Supply counts are checked every 10 seconds.